 Dungeon Crawl Stone Soup version 0.31-a0-154-g56bf346678 (webtiles) character file.

Game seed: 15777211098400759594

285 Anon1729 the Slasher (level 6, 0/53 HPs)
             Began as a Meteoran Monk on June 11, 2023.
             Succumbed to an adder's poison
             ... in a sewer.
             The game lasted 00:05:17 (1181 turns).

Anon1729 the Slasher (Meteoran Monk)                Turns: 1181, Time: 00:05:17

Health: 0/53       AC:  2    Str: 10 (11) XL:     6   Next: 86%
Magic:  9/9        EV: 15    Int: 10 (11) God:
Gold:   183        SH:  0    Dex: 20 (23) Spells: 5/5 levels left

rFire   . . .        a - +0 falchion
rCold   . . .        d - orb {light}
rNeg    + . .        b - +0 robe
rPois   .            (no helmet)
rElec   .            (no cloak)
rCorr   .            (no gloves)
SInv    .            (no boots)
Will    .....        (no amulet)
Stlth   +            g - ring of wizardry
HPRegen 0.28/turn    m - ring of positive energy
MPRegen 0.11/turn

%: wizardry (x1)
@: lethally poisoned (0 -> -18), glowing, invisible (but backlit and visible)
A: sense surroundings 2, otherworldly, glowing, explore regen, claws 1, agile 1,
MP-powered wands
a: no special abilities


You were in a sewer.
You visited 1 branch of the dungeon, and saw 3 of its levels.
You also visited: Sewer.

You collected 183 gold pieces.

Inventory:

Hand Weapons
 a - a +0 falchion (weapon)
Armour
 b - a +0 robe (worn)
 d - an orb of light (worn)
 k - a +0 leather armour
Jewellery
 g - a ring of wizardry (left claw)
 m - a ring of positive energy (right claw)
Wands
 i - a wand of paralysis (10)
Scrolls
 c - a scroll of silence {unknown}
 h - a scroll of magic mapping {unknown}
 j - a scroll of teleportation {unknown}
 n - a scroll of enchant weapon {unknown}
Potions
 f - 2 potions of invisibility


   Skills:
 + Level 4.5 Fighting
 + Level 5.0 Long Blades
 + Level 5.0 Dodging
 + Level 3.1 Invocations
 + Level 2.4 Evocations


You had 5 spell levels left.
You didn't know any spells.
Your spell library was empty.

Dungeon Overview and Level Annotations

Branches:
Dungeon (3/15) Zot: 830     Sewer (1/1) Zot: 355

Altars:


Innate Abilities, Weirdness & Mutations

You passively map the area around you.
You are easily found by Zot.
You glow in the dark.
You regain HP and MP as you explore.
You have sharp fingernails.
You are agile. (Dex +4, Str/Int -1)
You expend magic power (3 MP) to strengthen your wands.


Message History

The adder poisons you! The adder completely misses you.
You closely miss the adder.
The adder is almost dead.
You feel sick. The adder bites you.
You are more poisoned.
The adder poisons you! The adder bites you.
You are more poisoned.
The adder poisons you!
You slash the adder!
You kill the adder!
* * * LOW HITPOINT WARNING * * *
You feel very sick. The adder bites you.
* * * LOW HITPOINT WARNING * * *
You are more poisoned.
The adder poisons you! The adder barely misses you.
It was a potion of invisibility.
You become transparent, but the glow from your halo and body prevents you from becoming completely invisible.
* * * LOW HITPOINT WARNING * * *
You feel very sick. The adder closely misses you.
It was a potion of degeneration.
There was something very wrong with that liquid.
You feel weakened.
You feel dopey.
You feel clumsy.
* * * LOW HITPOINT WARNING * * *
You feel very sick. The adder bites you.
* * * LOW HITPOINT WARNING * * *
You are more poisoned.
The adder poisons you! The rat closely misses you. The rat bites you.
* * * LOW HITPOINT WARNING * * *
Unknown command.
Unknown command.
Really quaff the potion of mutation?
You feel extremely strange.
Your thinking seems confused.
You feel stupid.
Your fingernails lengthen.
You feel your magical essence link to the dungeon's wands.
Your attunement to dungeon structure grows.
You feel agile.
You die...

.....≈≈≈≈≈≈≈
.....~≈≈≈≈≈≈ #..**
#.....≈≈≈≈≈≈##..*
#.....≈≈≈≈≈*#...*
##...~≈≈≈≈≈ ,...##
##...~≈≈≈≈≈ , ...##
###...≈≈≈≈≈. .r.#
###..~≈≈≈≈≈~.. #rS#
.#†...≈≈≈≈≈..# #@r#
..†...≈≈≈≈≈~.###..#
.†....≈≈≈≈....#...#
#......≈≈≈.......##
#.....~.≈≈~......#
.......~≈≈......##
.......††≈~.....#
#.......≈†~.....#
##.....~≈≈......##


You could see an adder and 3 rats.

Vanquished Creatures
  An ogre (D:3)
  14 adders
  A river rat (Sewer)
  A dart slug (D:2)
  An orc (D:3)
  3 bats
  4 endoplasms
  3 giant cockroaches
  8 goblins
  4 hobgoblins
  6 kobolds
  2 quokkas (D:1)
  6 ball pythons
  4 frilled lizards
  22 rats
80 creatures vanquished.

Notes
Turn   | Place    | Note
-------+----------+-------------------------------------------
     0 | D:1      | Anon1729 the Meteoran Monk began the quest for the Orb.
     0 | D:1      | Reached XP level 1. HP: 19/19 MP: 2/2
    48 | D:1      | Reached XP level 2. HP: 18/26 MP: 3/3
    93 | D:2      | Reached XP level 3. HP: 22/31 MP: 4/4
   125 | D:2      | Reached skill level 1 in Invocations
   184 | D:2      | Reached XP level 4. HP: 40/40 MP: 5/5
   675 | D:2      | Reached skill level 1 in Evocations
   675 | D:2      | Reached XP level 5. HP: 35/46 MP: 7/7
   730 | D:2      | Found Qaatifus's Book Emporium.
   847 | D:3      | Found a glowing drain.
   874 | D:3      | Gained mutation: Your mind is acute. (Int +4, Str/Dex -1)
                  | [potion of mutation]
   874 | D:3      | Gained mutation: You possess an exceptional clarity of
                  | mind. [potion of mutation]
   918 | D:3      | Noticed an ogre
   943 | D:3      | Killed an ogre
   944 | D:3      | Reached XP level 6. HP: 39/53 MP: 7/9
   945 | Sewer    | Entered a sewer
  1108 | Sewer    | Reached skill level 5 in Long Blades
  1111 | Sewer    | Reached skill level 5 in Dodging
  1181 | Sewer    | Lost mutation: You possess an exceptional clarity of mind.
                  | [potion of mutation]
  1181 | Sewer    | Lost mutation: Your mind is acute. (Int +4, Str/Dex -1)
                  | [potion of mutation]
  1181 | Sewer    | Gained mutation: You have sharp fingernails. [potion of
                  | mutation]
  1181 | Sewer    | Gained mutation: You expend magic power (3 MP) to
                  | strengthen your wands. [potion of mutation]
  1181 | Sewer    | Gained mutation: You passively map the area around you.
                  | [potion of mutation]
  1181 | Sewer    | Gained mutation: You are agile. (Dex +4, Str/Int -1)
                  | [potion of mutation]
  1181 | Sewer    | Succumbed to an adder's poison

Illustrated notes

Levels and vault maps discovered:
D:1:      sevenhm_arrival_forest_fort_small_3, layout_basic
D:2:      kennysheep_big_flooded_room, layout_loops_ring, serial_shops,
          nicolae_shop_statue_plus, minmay_tall_x
D:3:      layout_basic, nemelex_dance_club_becter, gup_sewer_entry_glass,
          dilly_ecumenical_altar_fadedgnrine, chequers_serial_rivers_small_a
Sewer:    sewer_minmay_treatment

Skill      XL: |  1  2  3  4  5  6 |
---------------+-------------------+-----
Long Blades    | 4 5 |  5.0
Dodging        | 4 5 |  5.0
Invocations    | 1 2 3 |  3.1
Fighting       | 4 |  4.5
Evocations     | 1 2 |  2.4

Action                     |  1- 3 |  4- 6 || total
---------------------------+-------+-------++-------
  Melee: Falchion          |    32 |   185 ||   217
  Evoke: Wand              |       |     1 ||     1
    Use: Potion            |       |     6 ||     6
   Stab: Paralysed         |       |     4 ||     4
 Armour: Robe              |     4 |    37 ||    41
  Dodge: Dodged            |    15 |   150 ||   165

Table legend: (Time is in decaauts)
 A = Elapsed time spent in this place.
 B = Non-inter-level travel time spent in this place.
 C = Inter-level travel time spent in this place.
 D = Time resting spent in this place.
 E = Time spent auto-exploring this place.
 F = Levels seen in this place.
 G = Mean time per level.
                   A        B        C        D        E       F      G
               +--------+--------+--------+--------+--------+-----+--------+
         Total |   1213 |   1163 |     50 |      0 |    296 |   4 |  303.2 |
       Dungeon |    969 |    919 |     50 |      0 |    233 |   3 |  323.0 |
         Sewer |    244 |    244 |      0 |      0 |     63 |   1 |  244.0 |
               +--------+--------+--------+--------+--------+-----+--------+

Top non-repeatable levels by time:
     D:2: 409 daAuts
     D:1: 357 daAuts
   Sewer: 244 daAuts
     D:3: 202 daAuts
